 Dungeon Crawl Stone Soup version 0.31-a0-1009-g454b1f1e0a (webtiles) character file.

Game seed: 13228972433254386751

30224 Queen the Fighter (level 13, -13/128 HPs)
             Began as a Red Draconian Shapeshifter on Nov 15, 2023.
             Was the Champion of Fedhas.
             Mangled by a skyshark (14 damage)
             ... on level 4 of the Lair of Beasts.
             The game lasted 00:39:09 (26973 turns).

Queen the Fighter (Red Draconian Shapeshifter)     Turns: 26973, Time: 00:39:09

Health: -13/128    AC: 13    Str: 21    XL:     13   Next: 19%
Magic:  19/19      EV: 15    Int: 10    God:    Fedhas [******]
Gold:   935        SH:  0    Dex: 10    Spells: 12/12 levels left

rFire   + .          .
                       - Unarmed
rCold   . . .        (shield currently unavailable)
rNeg    . . .        (body armour unavailable)
rPois   +            (helmet restricted)
rElec   .            g - +0 cloak
rCorr   .            x - +2 pair of gloves
SInv    .            D - +0 pair of boots
Will    +....        i - amulet of magic regeneration
Stlth   +            d - ring of poison resistance
HPRegen 0.41/turn    a - ring of willpower
MPRegen 0.56/turn

%: no passive effects
@: flux-form, glowing
A: glow, contaminating, breathe fire, AC +8, unfitting armour, fire resistance
1, cold-blooded, clumsy 1, sense surroundings 1, robust 1
a: Breathe Fire, Begin Untransformation, Renounce Religion, Wall of Briars, Grow
Ballistomycete, Overgrow, Grow Oklob


You were on level 4 of the Lair of Beasts.
You worshipped Fedhas.
Fedhas was exalted by your worship.
You were something dangerously unstable.
You visited 2 branches of the dungeon, and saw 16 of its levels.

You collected 935 gold pieces.

Inventory:

Missiles
 m - 27 poisoned darts
 C - 4 curare-tipped darts
 J - 5 atropa-tipped darts
Armour
 g - a +0 cloak (worn)
 x - a +2 pair of gloves (worn)
 D - a +0 pair of boots (worn)
Jewellery
 a - a ring of willpower (right hand)
 d - a ring of poison resistance (left hand)
 i - an amulet of magic regeneration (around neck)
 l - an amulet of the acrobat
 s - a ring of ice
 z - a ring of resist corrosion
Talismans
 b - a beast talisman
 c - a flux talisman (active)
Wands
 e - a wand of polymorph (10)
 o - a wand of mindburst (26)
 p - a wand of charming (7) (quivered)
 t - a wand of flame (16)
 B - a wand of roots (5)
Scrolls
 f - 3 scrolls of noise {unknown}
 k - 2 scrolls of fog {unknown}
 n - a scroll of brand weapon {unknown}
 q - 6 scrolls of teleportation
 r - 2 scrolls of enchant armour
 u - 3 scrolls of enchant weapon
 w - a scroll of torment {unknown}
 y - a scroll of silence {unknown}
 A - a scroll of revelation {unknown}
 E - a scroll of amnesia {unknown}
 F - a scroll of summoning {unknown}
 H - a scroll of vulnerability {unknown}
 I - 4 scrolls of identify {@r1}
Potions
 h - 10 potions of curing
 j - 2 potions of cancellation
 G - 2 potions of enlightenment


   Skills:
 + Level 11.7 Fighting
 + Level 10.0 Dodging
 + Level 11.2 Unarmed Combat
 - Level 9.0 Invocations
 + Level 10.3 Shapeshifting


You had 12 spell levels left.
You didn't know any spells.
Your spell library contained the following spells:

 Spells                   Type           Power      Damage    Failure   Level
 Foxfire                  Conj/Fire      0%         2x1d4     36%         1
 Freeze                   Ice            0%         1d3       36%         1
 Magic Dart               Conj           0%         1d3       36%         1
 Slow                     Hex            0%         N/A       36%         1
 Sting                    Tmut/Pois      0%         1d3       36%         1
 Call Imp                 Summ           0%         N/A       50%         2
 Poisonous Vapours        Pois/Air       0%         N/A       50%         2
 Static Discharge         Conj/Air       0%         3-3/arc   50%         2
 Call Canine Familiar     Summ           0%         N/A       75%         3
 Confusing Touch          Hex            0%         N/A       75%         3
 Frozen Ramparts          Ice            0%         1d1       75%         3
 Hailstorm                Conj/Ice       0%         3d3       75%         3
 Ignite Poison            Fire/Tmut/Pois 0%         N/A       75%         3
 Mephitic Cloud           Conj/Pois/Air  0%         N/A       75%         3
 Sigil of Binding         Hex            0%         N/A       75%         3
 Tukima's Dance           Hex            0%         N/A       75%         3
 Vampiric Draining        Necr           0%         2d6       75%         3
 Volatile Blastmotes      Fire/Tloc      0%         2d10      75%         3
 Airstrike                Air            0%         2d(0-16)  98%         4
 Dimensional Bullseye     Hex/Tloc       0%         N/A       98%         4
 Fulminant Prism          Conj/Hex       0%         3d5       98%         4
 Iskenderun's Mystic Bla  Conj/Tloc      0%         2d3       98%         4
 Leda's Liquefaction      Hex/Erth       0%         N/A       98%         4
 Olgreb's Toxic Radiance  Pois           0%         N/A       98%         4
 Passage of Golubria      Tloc           0%         N/A       98%         4
 Sticky Flame             Conj/Fire      0%         2d3       98%         4
 Summon Ice Beast         Ice/Summ       0%         N/A       98%         4
 Summon Lightning Spire   Summ/Air       0%         N/A       98%         4
 Alistair's Intoxication  Tmut/Pois      0%         N/A       100%        5
 Borgnjor's Vile Clutch   Necr/Erth      0%         N/A       100%        5
 Yara's Violent Unravell  Hex/Tmut       0%         3d3       100%        5
 Eringya's Noxious Bog    Tmut/Pois      0%         4d6       100%        6
 Plasma Beam              Fire/Air       0%         2x1d10    100%        6
 Simulacrum               Ice/Necr       0%         N/A       100%        6
 Starburst                Conj/Fire      0%         6d3       100%        6
 Ignition                 Fire           0%         3d3       100%        8


Dungeon Overview and Level Annotations

Branches:
Dungeon (12/15)            Temple (0/1) D:4            Lair (4/5) D:11
  Swamp (0/4) Lair:2        Snake (0/4) Lair:3          Orc (0/2) D:10
  Slime: Lair:4-5

Altars:
Fedhas
Kikubaaqudgha
Okawaru
Uskayaw

Annotations:
D:3 1 runed translucent door, Crazy Yiuf
Lair:2 exclusion: downstairs


Innate Abilities, Weirdness & Mutations

You are something dangerously unstable.
You glow with magical radiation, making you easy to see and hit.
Foes you strike become dangerously contaminated with magical radiation.
You are incapable of wielding weapons or throwing items.
You can breathe blasts of fire.
Your fiery red scales are hard. (AC +8)
You cannot fit into any form of body armour.
Your flesh is heat resistant. (rF+)
You are cold-blooded and may be slowed by cold attacks.
You are clumsy. (Dex -2)
You passively map a small area around you.
You are robust. (+10% HP)


Message History

You take 5 damage, and have 71/128 hp.
You barely miss the skyshark.
The polar bear growls angrily.
You tail-slap the skyshark, but do no damage.
The skyshark is moderately wounded.
You hear a bellow!
The skyshark barely misses you.
The skyshark tail-slaps you but does no damage.
The skyshark barely misses you.
You hit the skyshark.
The skyshark glows dangerously bright.
You tail-slap the skyshark.
The skyshark is moderately wounded.
A nearby plant withers and dies.
The skyshark bites you! The skyshark tail-slaps you!
The skyshark tail-slaps you.
You take 23 damage, and have 49/128 hp.
The cane toad stings you!
The skyshark bites you but does no damage.
The skyshark tail-slaps you but does no damage. x2
You take 9 damage, and have 40/128 hp.
The skyshark bites you but does no damage.
The skyshark tail-slaps you.
The skyshark tail-slaps you but does no damage.
You take 2 damage, and have 39/128 hp.
The skyshark bites you.
* * * LOW HITPOINT WARNING * * *
The skyshark barely misses you.
The skyshark tail-slaps you but does no damage.
You take 5 damage, and have 34/128 hp.
The skyshark bites you!
* * * LOW HITPOINT WARNING * * *
The skyshark tail-slaps you but does no damage. x2
There is a stone staircase leading up, spattered with blood here.
You take 17 damage, and have 17/128 hp.
The four-headed hydra bites you.
* * * LOW HITPOINT WARNING * * *
The four-headed hydra misses you. x2; The four-headed hydra bites you!
* * * LOW HITPOINT WARNING * * *
The skyshark bites you!
You die...
Fedhas appreciates your contribution to the ecosystem.

, #.... ,...P. *
,**#...## *,....
, #...# ##..# *
#P..###...# . *
*
#........#....*
#............#
##.#..#........
, *,
#P.l..#..!.....
*
#.pDF.รท.h......
* ,
##.............
#.#.##........ *
**
###.$#.....hP. *
#.#.........
*P.##...... , *
... ##..$. , ,
,, ,


You could see a skyshark (berserk, contam, misshapen), a four-headed hydra, a
polar bear and a cane toad.

Vanquished Creatures
  Josephine (Lair:3)
  2 two-headed ogres (D:11)
  A tengu warrior (D:10)
  A skyshark (Lair:4)
  A goliath frog (Lair:2)
  A lindwurm (Lair:3)
  11 cane toads
  A torpor snail (Lair:3)
  A black mamba (Lair:3)
  2 unseen horrors (D:11)
  3 rime drakes (Lair:3)
  Jeremiah (D:6)
  4 komodo dragons
  4 trolls
  13 dream sheep
  Prince Ribbit (D:6)
  14 blink frogs
  33 yaks
  3 wyverns
  7 wraiths
  A basilisk (D:7)
  3 steam dragons
  A vampire mosquito (D:10)
  3 nagas (Lair:3)
  An acid dragon (D:9)
  5 water moccasins
  3 ice beasts
  2 sky beasts (D:6)
  A swamp drake (Lair:2)
  5 black bears
  4 orc warriors
  6 centaurs
  7 wolves
  2 phantoms
  10 bullfrogs
  A kobold brigand (D:10)
  3 scorpions
  A gnoll sergeant (D:8)
  10 wights
  6 killer bees (D:11)
  9 electric eels
  4 howler monkeys
  A jelly (D:4)
  6 hounds
  4 orc priests
  A gnoll bouda (D:6)
  2 iguanas
  Terence (D:2)
  16 orc wizards
  Robin (D:2)
  13 gnolls
  2 river rats (D:4)
  11 adders
  2 shadow imps (D:5)
  A white imp (D:6)
  7 ufetubi
  5 worms
  A dart slug (D:5)
  21 orcs
  5 ball pythons
  5 bats
  5 endoplasms
  2 giant cockroaches
  12 goblins
  10 hobgoblins
  15 jackals
  10 kobolds
  10 quokkas
  3 frilled lizards
  7 rats
  A spectral hobgoblin (D:1)
373 creatures vanquished.

Vanquished Creatures (collateral kills)
  2 wolves (Lair:2)
  2 orcs (D:5)
  12 ballistomycete spores (Lair:2)
16 creatures vanquished.

Vanquished Creatures (others)
  An ice beast (D:6)
  A black bear (D:6)
  A sleepcap (D:6)
  An adder (D:6)
  An orc (D:6)
5 creatures vanquished.

Grand Total: 394 creatures vanquished

Notes
Turn   | Place    | Note
-------+----------+-------------------------------------------
     0 | D:1      | Queen the Draconian Shapeshifter began the quest for the
                  | Orb.
     0 | D:1      | Reached XP level 1. HP: 16/16 MP: 1/1
   214 | D:1      | Found a faded altar of an unknown god.
   290 | D:1      | Reached XP level 2. HP: 23/23 MP: 2/2
   873 | D:1      | Prayed at the altar of an unknown god.
   873 | D:1      | Became a worshipper of Fedhas Madash
   873 | D:1      | Reached * piety under Fedhas
  1917 | D:2      | Noticed Terence
  1930 | D:2      | Killed Terence
  1931 | D:2      | Reached XP level 3. HP: 11/28 MP: 3/3
  2112 | D:2      | Noticed Robin
  2145 | D:2      | Killed Robin
  2146 | D:2      | Reached XP level 4. HP: 14/37 MP: 4/4
  2343 | D:2      | Reached ** piety under Fedhas
  3659 | D:3      | Reached XP level 5. HP: 41/44 MP: 5/5
  3819 | D:3      | Found a runed translucent door.
  3820 | D:3      | Noticed Crazy Yiuf
  4882 | D:4      | Reached skill level 1 in Invocations
  4935 | D:4      | Noticed a black bear
  4985 | D:4      | Reached *** piety under Fedhas
  5140 | D:4      | Reached XP level 6. HP: 37/51 MP: 7/7
  5186 | D:4      | Found a staircase to the Ecumenical Temple.
  5543 | D:4      | Gained mutation: You passively map a small area around you.
                  | [potion of mutation]
  5543 | D:4      | Gained mutation: You expend magic power (3 MP) to
                  | strengthen your wands. [potion of mutation]
  5543 | D:4      | Gained mutation: You are weak. (Str -2) [potion of
                  | mutation]
  5665 | D:4      | Lost mutation: You expend magic power (3 MP) to strengthen
                  | your wands. [potion of mutation]
  5665 | D:4      | Lost mutation: You are weak. (Str -2) [potion of mutation]
  5665 | D:4      | Gained mutation: You are clumsy. (Dex -2) [potion of
                  | mutation]
  5665 | D:4      | Gained mutation: You are robust. (+10% HP) [potion of
                  | mutation]
  6290 | D:4      | Found a staircase to the Ecumenical Temple.
  6487 | D:5      | Entered Level 5 of the Dungeon
  6487 | D:5      | Noticed an ice beast
  6509 | D:5      | Killed an ice beast
  6510 | D:5      | Your scales start taking on a fiery red colour.
  6510 | D:5      | Reached XP level 7. HP: 35/64 MP: 6/9
  6510 | D:5      | Gained mutation: Your flesh is heat resistant. (rF+) [Red
                  | Draconian growth]
  7146 | D:5      | Reached skill level 5 in Unarmed Combat
  7203 | D:5      | Reached **** piety under Fedhas
  7319 | D:5      | Reached XP level 8. HP: 73/73 MP: 10/10
  8605 | D:6      | Reached skill level 5 in Shapeshifting
  8631 | D:6      | Reached skill level 5 in Fighting
  8633 | D:6      | Noticed Jeremiah
  8857 | D:6      | Killed Jeremiah
  9099 | D:6      | Reached skill level 5 in Dodging
  9101 | D:6      | Noticed a komodo dragon
  9119 | D:6      | Reached skill level 5 in Invocations
  9128 | D:6      | Killed a komodo dragon
  9129 | D:6      | Reached XP level 9. HP: 19/82 MP: 12/12
  9486 | D:6      | Noticed Prince Ribbit
  9490 | D:6      | Killed Prince Ribbit
 12021 | D:8      | Reached XP level 10. HP: 90/94 MP: 14/14
 13263 | D:8      | Reached ***** piety under Fedhas
 16129 | D:9      | Reached XP level 11. HP: 104/104 MP: 16/16
 16492 | D:10     | Entered Level 10 of the Dungeon
 16516 | D:10     | Identified the +5 scimitar of the Orange Skies {vamp,
                  | Fragile Str+3 Int+2}
 16560 | D:10     | Found an iron altar of Okawaru.
 16905 | D:10     | Found a staircase to the Orcish Mines.
 17406 | D:10     | Noticed a tengu warrior
 17414 | D:10     | Killed a tengu warrior
 17626 | D:10     | Found a hide-covered altar of Uskayaw.
 18144 | D:10     | Found a hide-covered altar of Uskayaw.
 18231 | D:10     | Found a staircase to the Orcish Mines.
 18779 | D:10     | Found an iron altar of Okawaru.
 19080 | D:11     | Found an ancient bone altar of Kikubaaqudgha.
 19259 | D:11     | Noticed a two-headed ogre
 19286 | D:11     | Killed a two-headed ogre
 19596 | D:11     | Noticed a two-headed ogre
 19608 | D:11     | Killed a two-headed ogre
 19897 | D:11     | Found a staircase to the Lair.
 20375 | D:11     | Reached ****** piety under Fedhas
 20564 | D:11     | Found a staircase to the Lair.
 20624 | D:11     | Found an ancient bone altar of Kikubaaqudgha.
 21169 | Lair:1   | Entered Level 1 of the Lair of Beasts
 21446 | Lair:1   | Reached XP level 12. HP: 45/116 MP: 18/18
 21745 | Lair:1   | Reached skill level 10 in Fighting
 22857 | Lair:2   | Reached skill level 10 in Unarmed Combat
 23384 | Lair:2   | Found a staircase to the Swamp.
 24873 | Lair:3   | Noticed Josephine
 24882 | Lair:3   | Killed Josephine
 24889 | Lair:3   | Reached skill level 10 in Shapeshifting
 25274 | Lair:3   | Reached XP level 13. HP: 61/127 MP: 19/19
 25978 | Lair:3   | Reached skill level 10 in Dodging
 26127 | Lair:3   | Found a staircase to the Snake Pit.
 26560 | Lair:3   | Found a staircase to the Snake Pit.
 26973 | Lair:4   | HP: 1/128 [four-headed hydra (11)]
 26973 | Lair:4   | Mangled by a skyshark

Illustrated notes

Levels and vault maps discovered:
D:1:      saegor_arrival_simple_e, layout_loops_corners,
          dreamdust_ecumenical_altar_drowned_temple, minmay_misc_feat_columns
D:2:      layout_basic, nicolae_kite_square_tiling_tiny, uniq_terence,
          uniq_robin
D:3:      layout_basic, uniq_crazy_yiuf_cottage
D:4:      layout_loops_ring, minmay_temple_entry_mist,
          lightli_sewer_entry_pipes, minmay_ruptured
D:5:      layout_loops_corners
D:6:      cheibrodos_barr_body, layout_loops_ring, kennysheep_dice,
          uniq_prince_ribbit1, uniq_jeremiah
D:7:      layout_basic
D:8:      layout_basic
D:9:      layout_loops_ring
D:10:     layout_basic, nicolae_overflow_crystal_walls,
          nicolae_uskayaw_dance_studio, orc_0_dummy, minivault_25_ag
D:11:     layout_basic, erik_lair_island, serial_park_tiny_2,
          kiku_gazebo_garden_becter
D:12:     minmay_distorted_concentric_squares, layout_basic,
          marbit_kobold_abyssish, uniq_azrael
Lair:1:   layout_roguey
Lair:2:   layout_misc_corridors, mainiacjoe_swamp_entry_lozenge_pond
Lair:3:   layout_misc_corridors, nicolae_snake_entry_squirm,
          chequers_serial_rivers_micro_c, beast_lair_carwin_3, uniq_josephine
Lair:4:   layout_misc_corridors, hangedman_tree_tricks, beast_lair_carwin_4,
          lemuel_fruit_fields

Skill      XL: |  1  2  3  4  5  6  7  8  9 10 11 12 13 |
---------------+----------------------------------------+-----
Dodging        | 2 3 4 5 6 7 8 9 10 | 10.0
Fighting       | 2 3 4 6 7 8 9 11 | 11.7
Invocations    | 1 2 3 5 6 7 9 |  9.0
Unarmed Combat | 4 5 6 7 8 9 10 11 | 11.2
Shapeshifting  | 4 5 6 7 8 10 | 10.3

Action                     |  1- 3 |  4- 6 |  7- 9 | 10-12 | 13-15 || total
---------------------------+-------+-------+-------+-------+-------++-------
  Melee: Unarmed           |    95 |   214 |   201 |   651 |    93 ||  1254
         Tailslap          |     5 |    30 |    30 |   130 |    18 ||   213
         Punch             |     2 |     6 |     9 |     5 |       ||    22
 Invoke: Wall of Briars    |       |     1 |       |     1 |       ||     2
         Grow Ballistomyce |       |       |       |     1 |       ||     1
Ability: Breathe Fire      |       |       |    28 |    46 |     4 ||    78
         Begin Untransform |       |       |       |     1 |       ||     1
  Evoke: Wand              |       |       |       |     4 |       ||     4
    Use: Potion            |     2 |     3 |     6 |     3 |       ||    14
         Scroll            |       |     8 |     3 |     5 |       ||    16
   Stab: Sleeping          |       |     3 |       |       |       ||     3
 Armour: Skin              |    54 |   155 |   173 |   485 |    86 ||   953
  Dodge: Dodged            |    79 |   139 |   146 |   423 |    96 ||   883
   Form: Flux              |       |       |       |     1 |       ||     1

Table legend: (Time is in decaauts)
 A = Elapsed time spent in this place.
 B = Non-inter-level travel time spent in this place.
 C = Inter-level travel time spent in this place.
 D = Time resting spent in this place.
 E = Time spent auto-exploring this place.
 F = Levels seen in this place.
 G = Mean time per level.
                   A        B        C        D        E       F      G
               +--------+--------+--------+--------+--------+-----+--------+
         Total |  26972 |  26528 |    444 |   5331 |  17778 |  16 | 1685.8 |
       Dungeon |  21200 |  20819 |    381 |   3291 |  14818 |  12 | 1766.7 |
          Lair |   5771 |   5709 |     62 |   2040 |   2960 |   4 | 1442.8 |
               +--------+--------+--------+--------+--------+-----+--------+

Top non-repeatable levels by time:
     D:8: 2488 daAuts
    D:10: 2487 daAuts
    D:11: 2152 daAuts
     D:5: 2140 daAuts
  Lair:3: 2096 daAuts
  Lair:2: 1980 daAuts
     D:6: 1827 daAuts
     D:7: 1820 daAuts
     D:2: 1768 daAuts
     D:9: 1726 daAuts
     D:4: 1677 daAuts
  Lair:1: 1635 daAuts
     D:1: 1634 daAuts
     D:3: 1474 daAuts
  Lair:4: 59 daAuts
